[Event "*** Qualifier 3: Titled Tuesday 3|2 Blitz"]
[Site "Chess.com"]
[Date "2017.04.18"]
[Round "7"]
[White "andreimacovei2000"]
[Black "MartinMatthiesen"]
[Result "1-0"]
[WhiteElo "2385"]
[BlackElo "2226"]
[TimeControl "180+2"]
[EndTime "14:37:06 PDT"]
[Termination "andreimacovei2000 won by resignation"]

1. e4 e5 2. Nf3 Nc6 3. Bb5 a6 4. Ba4 Nf6 5. O-O Be7 6. Re1 b5 7. Bb3 O-O 8. h3 Bb7 9. a4 d5 10. axb5 axb5 11. Rxa8 Bxa8 12. exd5 Nxd5 13. Nxe5 Nd4 14.
d3 Nxb3 15. cxb3 Re8 16. Nc3 Bb4 17. Bd2 Bd6 18. d4 Bxe5 19. dxe5 Nb4 20. Re3 Nd3 21. Qe2 Nf4 22. Qg4 Qxd2 23. Qxf4 Qxb2 24. Nxb5 Qc1+ 25. Kh2 Qc6 26. Rf3 Qg6 27. Rg3 Qe4 28. Qxe4 Bxe4 29. Re3 Bc2 30. Nxc7 Rb8 31. Na6 Rb5 32.
f4 Bxb3 33. Rc3 h5 34. Kg3 Be6 35. Kh4 g6 36. g4 hxg4 37. hxg4 Kg7 38. Kg5 f6+ 39.
Kh4 fxe5 40. Nc7 Rb6 41. fxe5 Bf7 42. Kg5 Kf8 43. Rc5 Ke7 44. Nb5 Kf8 45. Nd4 Kg7 46.
Rc7 Kg8 47. Nc6 Kf8 48. Rc8+ Kg7 49. Rc7 Kf8 50. Nd8 Be8 51. e6 Rd6 52. Kf6 Rd4 53. Nb7 Rxg4 54. Rh7 Rf4+ 55. Ke5 Rf5+ 56. Kd6 Kg8 57.
Re7 Rf8 58. Rc7 g5 59. Rc5 g4 60. Rg5+ Kh7 61. Rxg4 Rg8 62. Rh4+ Kg6 63. Ke7 Kf5 64.
Nd6+ Kg5 65. Rh1 Bg6 66. Rg1+ Kh5 67. Kf6 Rf8+ 68. Nf7 Re8 69. Rg5+ Kh4 70. Rxg6 1-0

[Event "*** Qualifier 3: Titled Tuesday 3|2 Blitz"]
[Site "Chess.com"]
[Date "2017.04.18"]
[Round "7"]
[White "Marcus_Harvey"]
[Black "johnathan113"]
[Result "1/2-1/2"]
[WhiteElo "2524"]
[BlackElo "2471"]
[TimeControl "180+2"]
[EndTime "14:37:15 PDT"]
[Termination "Game drawn by stalemate"]

1. Nf3 Nf6 2. b3 g6 3. Bb2 Bg7 4. e3 O-O 5. Be2 d6 6. d4 Nbd7 7. O-O e5 8. c4 e4 9. Nfd2 Re8 10. Nc3 c6 11. Ba3 Nf8 12. h3 h5 13. Qc2 Bf5 14.
Rfd1 N8h7 15. b4 h4 16. Nf1 Qd7 17. Nh2 Ng5 18. Bf1 Bh6 19. Qe2 Kh7 20. b5 Rg8 21.
bxc6 bxc6 22. Rab1 Kh8 23. Qb2 Ngh7 24. Qb7 g5 25.
Qxd7 Bxd7 26. Bxd6 g4 27. Be5 gxh3 28. Nxe4 hxg2 29.
Bd3 Bg7 30. Nc5 Ng5 31. Nxd7 Nxd7 32. Bxg7+ Rxg7 33. Kxg2 Ne4+ 34. Kf3 Nc3 35. Rb7 Nxd1 36. Rxd7 Nb2 37. Be2 Rag8 38. d5 cxd5 39. cxd5 Rg2 40. Nf1 h3 41. Rb7 Na4 42. Rb4 Nc3 43. Rh4+ Kg7 44.
Rxh3 Rg5 45. e4 Nxa2 46. Ne3 Nc3 47. Bd3 Kf8 48. Rh6 R5g6 49. Rxg6 Rxg6 50. e5 Rb6 51. d6 a5 52. Nc4 Rb5 53. Ke3 a4 54. Kd4 Nd1 55.
f4 Nb2 56. d7 Ke7 57. Nd6 Rb4+ 58. Kc5 Nxd3+ 59. Kc6 Rb1 60. Nxf7 Rc1+ 61. Kd5 Nxf4+ 62. Ke4 Ne6 63. Nd6 Kxd7 64. Nb5 Rb1 65. Nc3 Rb3 66. Nxa4 Rb4+ 67. Kd5 Rxa4 1/2-1/2

[Event "*** Qualifier 3: Titled Tuesday 3|2 Blitz"]
[Site "Chess.com"]
[Date "2017.04.18"]
[Round "7"]
[White "RobertoJBM"]
[Black "OparinGrigoriy"]
[Result "1-0"]
[WhiteElo "2451"]
[BlackElo "2605"]
[TimeControl "180+2"]
[EndTime "14:37:23 PDT"]
[Termination "RobertoJBM won by resignation"]

1. d4 Nf6 2. Nc3 d5 3. Bg5 c5 4.
Nf3 Nc6 5. e3 cxd4 6. exd4 Bf5 7.
Bd3 Bg6 8. O-O e6 9. Ne5 Be7 10. Bb5 Qc7 11. Bf4 Qc8 12. Nxc6 bxc6 13. Bd3 Nd7 14.
Ne2 c5 15. c3 Qc6 16. dxc5 Nxc5 17. Nd4 Qb6 18. Bxg6 hxg6 19. Qe2 g5 20. Be3 Qc7 21.
g3 Ne4 22. Rac1 Rc8 23. Nb5 Qc4 24. Qxc4 Rxc4 25. Bxa7 Kd7 26. Bd4 Rb8 27. b3 Rc6 28. a4 Bf6 29. Rfd1 Bxd4 30. cxd4 Rxc1 31. Rxc1 Nd6 32. Nxd6 Kxd6 33. Rc3 Rb4 34. Rd3 g4 35. f3 gxf3 36. Kf2 f6 37. Kxf3 e5 38. Ke3 exd4+ 39. Kd2 Ke5 40. Kc2 Rb8 41. Rd1 Rc8+ 42. Kd2 Rc3 43. Re1+ Kd6 44. Rb1 g5 45. a5 Kc5 46.
Rc1 Kb4 47. Rxc3 dxc3+ 48. Kc2 d4 49. a6 d3+ 50. Kxd3 Kxb3 51. a7 c2 52. a8=Q c1=Q 53. Qb7+ Ka4 54. Qa6+ Kb3 55. Qb5+ Ka3 56. Qa5+ Kb3 57.
Qb6+ Ka4 58. Qxf6 Qd1+ 59. Ke4 Qc2+ 60. Kf3 Qd1+ 61. Ke4 Qc2+ 62. Ke5 Qxh2 63. Qxg5 Qe2+ 64. Kf6 Qa6+ 65. Kg7 Qb7+ 66. Kg6 Qa6+ 67. Kh5 Ka3 68. Qe3+ Ka2 69. g4 Qc8 70. Qf2+ Ka1 71. Qf5 Qh8+ 72. Kg6 Qg8+ 73. Kh6 Qh8+ 74. Kg5 Qg7+ 75. Qg6 Qe5+ 76. Kh6 Qh8+ 77. Kg5 Qe5+ 78. Qf5 Qg7+ 79. Kf4 Qd4+ 80. Qe4 Qf6+ 81. Ke3 Qc3+ 82. Qd3 Qe5+ 83. Kf3 Qf6+ 84. Qf5 Qc3+ 85. Kg2 Qd2+ 86. Qf2 Qd5+ 87. Kg3 Qd6+ 88. Qf4 Qd3+ 89. Kh4 Qh7+ 90. Kg3 Qd3+ 91.
Kf2 Qc2+ 92. Kg1 Qc5+ 93. Qf2 Qc2 94. Qf1+ Ka2 95. Qg2 Ka1 96. Qf2 Qc8 97. Qe1+ Ka2 98. Qe2+ Ka1 99. Kf2 Qc5+ 100. Kg2 Qd5+ 101. Qf3 Qd2+ 102. Kf1 Qc1+ 103. Kf2 Qd2+ 104. Kg3 Qd6+ 105. Qf4 Qd3+ 106. Kf2 Qc2+ 107. Ke1 Qb1+ 108. Ke2 Qc2+ 109. Kf1 Qb1+ 110. Kg2 Qc2+ 111. Kg1 Qb1+ 112. Qf1 1-0

[Event "*** Qualifier 3: Titled Tuesday 3|2 Blitz"]
[Site "Chess.com"]
[Date "2017.04.18"]
[Round "7"]
[White "scrapnel"]
[Black "Abrito99"]
[Result "1-0"]
[WhiteElo "2401"]
[BlackElo "2334"]
[TimeControl "180+2"]
[EndTime "14:38:06 PDT"]
[Termination "scrapnel won by resignation"]

1. Nf3 Nf6 2. d4 g6 3. Bg5 b6 4. Nbd2 Bb7 5. e3 Bg7 6. Bd3 O-O 7. c3 d6 8. O-O Nbd7 9. e4 e5 10. Re1 h6 11. Bh4 Qe7 12. dxe5 dxe5 13. Qc2 a5 14. Bf1 Rfd8 15. Nc4 Qe6 16. Nfd2 g5 17. Bg3 Nh5 18. Ne3 Bf8 19. Bc4 Qf6 20. Nf5 Nc5 21. f3 Nxg3 22. hxg3 Ne6 23. Nf1 Bc5+ 24. N1e3 c6 25. a4 Bc8 26.
Kf1 Ng7 27. Ng4 Qg6 28. Ngxh6+ Kf8 29. Bxf7 Qf6 30. Bc4 Nh5 31. Red1 Bxf5 32. Nxf5 Qh8 33. g4 Nf4 34. Ke1 Qh1+ 35. Bf1 Qg1 36. g3 Nh3 37.
Qg2 Qf2+ 38. Qxf2 Nxf2 39. Rxd8+ Rxd8 40. b4 axb4 41. cxb4 Bxb4+ 42. Kxf2 Rd2+ 43. Be2 c5 44. Rc1 Ra2 45. Ne3 Rxa4 46. Bc4 Ra3 47. Ke2 Bc3 48.
Rb1 Bb4 49. Nd5 Ba5 50. Nxb6 Rc3 51. Nd7+ Ke7 52. Nxe5 Kd6 53. Nf7+ Ke7 54. Bd5 Rc2+ 55. Kd3 Rc3+ 56. Ke2 Rc2+ 57. Kf1 Rc3 58. Kg2 Rc2+ 59. Kh3 c4 60. Rb7+ Kf8 61. Nxg5 c3 62. Nh7+ Ke8 63.
Nf6+ Kd8 64. Rd7+ Kc8 65. Be6 Kb8 66. Rd5 Bc7 67. Rb5+ Ka7 68. Nd5 Bd6 69. Ra5+ Kb7 70. Rb5+ Ka7 71. Rb6 Bc5 72. Rc6 Bg1 73. g5 Rh2+ 74.
Kg4 c2 75. g6 Bd4 76. f4 Bb2 77. e5 c1=Q 78. Rxc1 Bxc1 79. g7 1-0

[Event "*** Qualifier 3: Titled Tuesday 3|2 Blitz"]
[Site "Chess.com"]
[Date "2017.04.18"]
[Round "7"]
[White "abubakrtagelsir"]
[Black "GMSAGOR"]
[Result "1-0"]
[WhiteElo "2170"]
[BlackElo "2079"]
[TimeControl "180+2"]
[EndTime "14:38:08 PDT"]
[Termination "abubakrtagelsir won by checkmate"]

1. e4 e5 2. Nf3 Nf6 3. Nc3 Nc6 4. d4 exd4 5. Nxd4 Bb4 6. Nxc6 bxc6 7. Bd3 d5 8. exd5 cxd5 9. O-O O-O 10. Bg5 c6 11.
Qf3 Bd6 12. Bxf6 Qxf6 13. Qxf6 gxf6 14. g3 Rb8 15. Rab1 Rd8 16. Ne2 c5 17. c3 Be6 18.
Rfd1 Rb6 19. Kg2 Rdb8 20. b3 Kg7 21. Bc2 Ra6 22. a4 f5 23. f4 Kf6 24. Ng1 Rab6 25.
Nf3 a5 26. Re1 h6 27. Ne5 Bxe5 28. fxe5+ Ke7 29. Kf2 c4 30. bxc4 Rb2 31. Ke3 dxc4 32. Rxb2 Rxb2 33. Re2 Kd7 34. Kd4 Kc7 35. Bd1 Rb1 36.
Rd2 Rc1 37. Be2 Ra1 38. Bd1 Ra3 39. Rb2 Bd7 40. Kxc4 Bxa4 41. Bxa4 Rxa4+ 42. Kd5 f4 43. gxf4 Rxf4 44. Rb5 a4 45. c4 a3 46. Ra5 Rf3 47.
c5 Kb7 48. c6+ Kb6 49. Ra8 Rd3+ 50. Ke4 Rc3 51. Kd4 Rh3 52. Kd5 h5 53. Rb8+ Kc7 54. Rb7+ Kc8 55. Rxf7 a2 56. Ra7 Rxh2 57. c7 Rd2+ 58. Kc6 Rc2+ 59. Kd6 Rd2+ 60. Kc6 Rc2+ 61.
Kd5 h4 62. e6 h3 63. e7 Rd2+ 64. Ke6 Re2+ 65. Kd6 Rd2+ 66. Kc6 Rc2+ 67. Kb5 Rb2+ 68. Kc4 Rc2+ 69. Kd3 Kd7 70. c8=Q+ Kxc8 71. e8=Q# 1-0

[Event "*** Qualifier 3: Titled Tuesday 3|2 Blitz"]
[Site "Chess.com"]
[Date "2017.04.18"]
[Round "7"]
[White "Cryptochess"]
[Black "superjem123"]
[Result "0-1"]
[WhiteElo "2466"]
[BlackElo "2561"]
[TimeControl "180+2"]
[EndTime "14:38:40 PDT"]
[Termination "superjem123 won by resignation"]

1. e4 e5 2. Nf3 Nc6 3. Bc4 Bc5 4. c3 Nf6 5. d3 a6 6. a4 d6 7. Nbd2 O-O 8. Nf1 Ng4 9. d4 exd4 10.
cxd4 Bb4+ 11. Bd2 Re8 12. Bd3 Qf6 13. Bxb4 Nxb4 14. Ng3 Nc6 15. Bc2 Nh6 16. h3 d5 17.
e5 Qe7 18. O-O Nb4 19. Bb1 c6 20. Qd2 a5 21. Ng5 g6 22. N5e4 Kg7 23. Nf6 Rf8 24. Qg5 Ng8 25. Re1 Ra6 26. h4 h6 27. Nfh5+ Kh8 28.
Qxe7 Nxe7 29. Nf6 Kg7 30. h5 Ng8 31. hxg6 fxg6 32. Nxg8 Rxg8 33. Ra3 Be6 34. Rf3 c5 35. Rf6 Bf7 36. Rxa6 Nxa6 37. e6 Be8 38. Re5 Bxa4 39. Rxd5 cxd4 40. Rxd4 Bc6 41. Rf4 Be8 42. e7 Nb4 43. Rd4 Nc6 44. Rd6 Nxe7 45. Ne4 Rf8 46. Nc5 Rf6 47. Ne6+ Kh8 48. Ba2 Nc6 49. g4 Bf7 50. f4 Bxe6 51. Bxe6 Rxf4 52. Rd7 b5 53. Kg2 Nd4 54. Bd5 Rxg4+ 55. Kf2 h5 56. Ke3 Nf5+ 57.
Kf3 Nd4+ 58. Ke3 a4 59. Rd8+ Kg7 60. Be4 Nf5+ 61. Kf3 Nh4+ 62. Ke3 Nf5+ 63. Kf3 Kh6 64. Rb8 Kg5 65. Rxb5 Rf4+ 66. Kg2 Rxe4 67. Ra5 Re2+ 68. Kf3 Rxb2 69. Rxa4 Rb3+ 70. Kg2 h4 71. Kh2 Kh5 72. Ra2 g5 73. Rf2 Kg4 74. Rc2 Rh3+ 75. Kg1 Rg3+ 76.
Kh2 Ne3 77. Rc8 Rf3 78. Re8 Rf2+ 79. Kg1 Re2 80. Rg8 Kf4 81. Kh1 g4 82. Ra8 Re1+ 83.
Kh2 g3+ 0-1

[Event "*** Qualifier 3: Titled Tuesday 3|2 Blitz"]
[Site "Chess.com"]
[Date "2017.04.18"]
[Round "8"]
[White "Cayse"]
[Black "nurmiTV"]
[Result "1-0"]
[WhiteElo "2637"]
[BlackElo "2431"]
[TimeControl "180+2"]
[EndTime "14:42:23 PDT"]
[Termination "Cayse won by resignation"]

1. e4 c5 2. Nf3 e6 3. d4 cxd4 4.
Nxd4 a6 5. Be2 Nf6 6. Nc3 Qc7 7. O-O Be7 8. f4 d6 9. Kh1 b5 10. e5 Nfd7 11. exd6 Qxd6 12. Bf3 Ra7 13. Be3 Nc5 14. b4 Na4 15. Nxa4 bxa4 16. Nxe6 Bxe6 17. Bxa7 O-O 18. Qxd6 Bxd6 19. a3 Bxf4 20. Bd5 Be5 21. Rae1 Bxd5 22. Rxe5 Nc6 23. Rxd5 Nxa7 24. Ra5 Nb5 25.
Rxa4 1-0

[Event "*** Qualifier 3: Titled Tuesday 3|2 Blitz"]
[Site "Chess.com"]
[Date "2017.04.18"]
[Round "8"]
[White "Indianlad"]
[Black "jcibarra"]
[Result "1/2-1/2"]
[WhiteElo "2740"]
[BlackElo "2675"]
[TimeControl "180+2"]
[EndTime "14:42:31 PDT"]
[Termination "Game drawn by repetition"]

1. d4 Nf6 2. c4 d6 3. Nf3 g6 4. g3 Bg7 5. Bg2 O-O 6. O-O Bf5 7.
Nh4 Be4 8. Nf3 Bf5 9. Qb3 b6 10. d5 a5 11. Nd4 Bd7 12. Nc3 Na6 13. Rd1 Nc5 14. Qc2 Qe8 15. Ncb5 Rc8 16. Na7 Ra8 17. Nab5 Rc8 18. a3 a4 19. Na7 Ra8 20. Nab5 Rc8 21.
Na7 Ra8 22. Nab5 Rc8 23. Na7 Ra8 1/2-1/2

[Event "*** Qualifier 3: Titled Tuesday 3|2 Blitz"]
[Site "Chess.com"]
[Date "2017.04.18"]
[Round "8"]
[White "biostatistician"]
[Black "Rock700chess"]
[Result "0-1"]
[WhiteElo "2443"]
[BlackElo "2252"]
[TimeControl "180+2"]
[EndTime "14:43:34 PDT"]
[Termination "Rock700chess won by resignation"]

1. d4 Nf6 2. Nf3 e6 3. c4 d5 4.
Nc3 Bb4 5. Bg5 O-O 6. e3 c5 7. cxd5 exd5 8. Qc2 cxd4 9. Nxd4 Nc6 10. Rd1 Qa5 11. Bxf6 gxf6 12. Bd3 Nxd4 13. Bxh7+ Kg7 14. Rxd4 Rh8 15. Bd3 Be6 16. O-O Rac8 17. Rc1 Bc5 18.
Rf4 Bd6 19. Ra4 Bxh2+ 20. Kf1 Qb6 21. g3 Bxg3 22. fxg3 Qxe3 23. Bf5 Qf3+ 24. Ke1 Bxf5 0-1

[Event "*** Qualifier 3: Titled Tuesday 3|2 Blitz"]
[Site "Chess.com"]
[Date "2017.04.18"]
[Round "8"]
[White "ka1ser64"]
[Black "rasmussvane"]
[Result "0-1"]
[WhiteElo "2347"]
[BlackElo "2520"]
[TimeControl "180+2"]
[EndTime "14:43:43 PDT"]
[Termination "rasmussvane won by resignation"]

1. d4 Nf6 2. c4 e6 3. Nc3 Bb4 4.
e3 O-O 5. Ne2 c6 6. a3 Ba5 7. b4 Bc7 8. d5 exd5 9. cxd5 Be5 10.
Rb1 d6 11. g3 Bf5 12. Rb3 Nxd5 13. Nxd5 Be4 14. Rg1 Bxd5 15. Rd3 a5 16. f4 Bf6 17.
Bg2 Bxg2 18. Rxg2 axb4 19. axb4 Qb6 20. Qb3 d5 21. g4 Ra1 22. g5 Be7 23. Qb2 Qxb4+ 24.
Kf2 Qxb2 25. Bxb2 Ra2 26. Rb3 b5 27. Nc1 Ra4 28. h4 Nd7 29. h5 Nc5 30. Ra3 Ne4+ 0-1

[Event "*** Qualifier 3: Titled Tuesday 3|2 Blitz"]
[Site "Chess.com"]
[Date "2017.04.18"]
[Round "8"]
[White "Quiet_Desperation"]
[Black "Robin-Side"]
[Result "1/2-1/2"]
[WhiteElo "2034"]
[BlackElo "2297"]
[TimeControl "180+2"]
[EndTime "14:44:53 PDT"]
[Termination "Game drawn by repetition"]

1. e4 c5 2. Nf3 Nc6 3. d4 cxd4 4.
Nxd4 e5 5. Nb5 d6 6. N1c3 a6 7. Na3 b5 8. Nd5 Nge7 9. c4 Nd4 10. Bd3 Nxd5 11. exd5 Be7 12. O-O O-O 13. cxb5 Bg5 14. bxa6 Bxc1 15. Rxc1 Bxa6 16. Nc2 Nxc2 17. Qxc2 Bxd3 18.
Qxd3 Rxa2 19. Qb3 Qa8 20. Rc6 Rb8 21. Rb6 Rxb6 22. Qxb6 Ra1 23. g3 Rxf1+ 24. Kxf1 h6 25. Qxd6 Qa1+ 26. Kg2 Qxb2 27. Qc6 e4 28. Qe8+ Kh7 29.
Qxe4+ Kg8 30. Qd3 Qb7 31. Kf3 g6 32. Qe4 Qb3+ 33. Kg2 Qb7 34. Kf3 Qb3+ 35. Kg2 Qb7 36. Kf3 1/2-1/2

[Event "*** Qualifier 3: Titled Tuesday 3|2 Blitz"]
[Site "Chess.com"]
[Date "2017.04.18"]
[Round "8"]
[White "cailinchetty"]
[Black "dhanushbharadwaj"]
[Result "0-1"]
[WhiteElo "1943"]
[BlackElo "2427"]
[TimeControl "180+2"]
[EndTime "14:45:04 PDT"]
[Termination "dhanushbharadwaj won by resignation"]

1. e4 c6 2. Nf3 d5 3. exd5 cxd5 4. d4 Nf6 5. c3 Nc6 6. Bd3 g6 7. Bf4 Bg7 8. Qd2 O-O 9. Na3 Bg4 10. Ng1 Re8 11.
h3 Bd7 12. Nf3 Ne4 13. Bxe4 dxe4 14. Ne5 Nxe5 15. Bxe5 Bxe5 16. dxe5 Qb6 17. O-O-O Be6 18. Kb1 Rac8 19. Rhe1 Qa5 20. g4 Qxe5 21. f3 Qg3 22. Rxe4 Qxf3 23. Re3 Qf6 24. Nc2 Red8 25. Qe1 Rxd1+ 26. Qxd1 Qf2 27. Re2 Qf3 28. Nd4 Qd5 29.
Qe1 Qxa2+ 30. Kc2 Qa4+ 31. Kb1 Ba2+ 32. Kc1 Qxd4 33. Rxe7 Qf4+ 34. Kc2 Qa4+ 35. Kc1 Bb3 36. Kd2 Rd8+ 37. Ke3 Re8 38. Kf3 Bd5+ 39. Kf2 Qf4+ 40.
Kg1 Rxe7 41. Qxe7 Qg3+ 42. Kf1 Bc4+ 0-1

[Event "*** Qualifier 3: Titled Tuesday 3|2 Blitz"]
[Site "Chess.com"]
[Date "2017.04.18"]
[Round "8"]
[White "jefferyx"]
[Black "Kubas1010"]
[Result "1-0"]
[WhiteElo "2638"]
[BlackElo "2414"]
[TimeControl "180+2"]
[EndTime "14:45:19 PDT"]
[Termination "jefferyx won by resignation"]

1. d4 d5 2. c4 e6 3. Nc3 Be7 4. Bf4 Nf6 5. e3 O-O 6. a3 b6 7.
cxd5 Nxd5 8. Nxd5 Qxd5 9. Be2 Qd7 10. Nf3 Bb7 11. Ne5 Qd8 12. Bf3 Bd5 13. O-O Bd6 14. Rc1 Nd7 15. Nc6 Bxc6 16. Bxc6 Rc8 17. Bg3 a5 18. Rc3 Nf6 19. Qf3 Nd5 20. Bxd5 exd5 21. Rfc1 Bxg3 22. hxg3 Qd7 23. Rc6 Rfe8 24. Qf4 Re7 25.
b4 axb4 26. axb4 h6 27. g4 Qd8 28. g5 hxg5 29. Qxg5 Re6 30. Qxd8+ Rxd8 31. Rxe6 fxe6 32. Rxc7 Kh7 33. Rc6 Re8 34. Rxb6 e5 35. dxe5 Rxe5 36. Rd6 Re4 37. b5 Rb4 38. Rxd5 1-0

[Event "*** Qualifier 3: Titled Tuesday 3|2 Blitz"]
[Site "Chess.com"]
[Date "2017.04.18"]
[Round "8"]
[White "Konavets"]
[Black "RobertoJBM"]
[Result "1-0"]
[WhiteElo "2606"]
[BlackElo "2444"]
[TimeControl "180+2"]
[EndTime "14:45:34 PDT"]
[Termination "Konavets won on time"]

1. e4 c6 2. d4 d5 3. Nc3 dxe4 4.
Nxe4 Nd7 5. Nf3 Ngf6 6. Nxf6+ Nxf6 7. c3 Bg4 8. h3 Bxf3 9. Qxf3 Qd5 10. Be2 e6 11. O-O Bd6 12. Qd3 Qe4 13. Qd1 Qf5 14.
Bd3 Qh5 15. Qb3 Rb8 16. Re1 O-O 17. Be3 Nd5 18. Bd2 Bf4 19. Rad1 Bxd2 20. Rxd2 Qg5 21.
Qd1 Nf4 22. g3 Nxh3+ 23. Kh2 Qh6 24. Kg2 Ng5 25. Rh1 Qf6 26. f4 h6 27. fxg5 Qxg5 28. Re2 Rbd8 29. Re5 Qe7 30. Qg4 Qf6 31. Qf4 Qxf4 32.
gxf4 Rd5 33. Kf3 Rfd8 34. b4 Kf8 35. a4 Ke7 36. Be4 Rxe5 37. fxe5 f5 38. exf6+ Kxf6 39. Kg4 g6 40. Rxh6 1-0

[Event "*** Qualifier 3: Titled Tuesday 3|2 Blitz"]
[Site "Chess.com"]
[Date "2017.04.18"]
[Round "8"]
[White "BogdanDeac"]
[Black "Izoria123"]
[Result "1-0"]
[WhiteElo "2548"]
[BlackElo "2630"]
[TimeControl "180+2"]
[EndTime "14:45:36 PDT"]
[Termination "BogdanDeac won by resignation"]

1. d4 d6 2. e4 Nf6 3. Nc3 g6 4.
f4 Bg7 5. Bd3 e5 6. dxe5 dxe5 7.
Nf3 exf4 8. Bxf4 O-O 9. O-O c6 10. e5 Nd5 11. Nxd5 Qxd5 12. Qe2 Be6 13. Rad1 Qc5+ 14.
Be3 Qa5 15. Bc4 Bxc4 16. Qxc4 Qb5 17. Qh4 h5 18. e6 fxe6 19. Qe7 Qc4 20. Ng5 Na6 21.
Nxe6 Rxf1+ 22. Rxf1 Be5 23. Rf8+ 1-0

[Event "*** Qualifier 3: Titled Tuesday 3|2 Blitz"]
[Site "Chess.com"]
[Date "2017.04.18"]
[Round "8"]
[White "penguingm1"]
[Black "GrigorGrigorov"]
[Result "1-0"]
[WhiteElo "2575"]
[BlackElo "2483"]
[TimeControl "180+2"]
[EndTime "14:45:43 PDT"]
[Termination "penguingm1 won on time"]

1. d4 Nf6 2. c4 g6 3. f3 Bg7 4. e4 d6 5. Nc3 O-O 6. Nge2 Nc6 7. Be3 a6 8. Rb1 e5 9. d5 Ne7 10. g4 c5 11. Ng3 Bd7 12. h4 b5 13.
Qd2 bxc4 14. h5 Bxg4 15. fxg4 Nxg4 16. Bg1 f5 17. exf5 Bh6 18. Qg2 gxf5 19. Nxf5 Nxf5 20. Qxg4+ Kh8 21. Bxc4 Nd4 22. Bd3 Rf4 23. Qg2 Qa5 24. Be3 Rg8 25. Qh3 Rf3 26. Bxh6 Rxh3 27. Rxh3 Rg1+ 28. Kd2 Rg2+ 29. Ke1 c4 30. Be4 Rg8 31.
Kf2 Qc5 32. Be3 Qc7 33. Rf1 1-0

[Event "*** Qualifier 3: Titled Tuesday 3|2 Blitz"]
[Site "Chess.com"]
[Date "2017.04.18"]
[Round "8"]
[White "Wolverine_master"]
[Black "alekroth64"]
[Result "1/2-1/2"]
[WhiteElo "1975"]
[BlackElo "2234"]
[TimeControl "180+2"]
[EndTime "14:45:51 PDT"]
[Termination "Game drawn by repetition"]

1. Nf3 d6 2. c4 e5 3. Nc3 c5 4. g3 Nc6 5. Bg2 g6 6. d3 Bg7 7. a3 Nge7 8. O-O O-O 9. Rb1 a5 10.
Bg5 Be6 11. Bxe7 Nxe7 12. b4 axb4 13. axb4 b6 14. Ng5 Ra3 15. Nxe6 fxe6 16. Nb5 Ra2 17. Bh3 Qd7 18. bxc5 bxc5 19. Ra1 Rxa1 20. Qxa1 e4 21. Qa6 exd3 22. exd3 Nc8 23. Re1 Re8 24. Qa8 Kh8 25. Qb8 h5 26. Nc7 Re7 27. Rxe6 Qxc7 28. Qxc7 Rxc7 29. Re8+ Kh7 30. Rxc8 Rxc8 31. Bxc8 g5 32. Bf5+ Kh6 33. Kg2 Be5 34. Kf3 Kg7 35. Ke4 Kf6 36.
f4 gxf4 37. gxf4 Bd4 38. Bc8 Bg1 39. h3 Bh2 40. f5 h4 41. d4 cxd4 42. Kxd4 Bg3 43.
Kd5 Bh2 44. c5 dxc5 45. Kxc5 Bg3 46. Kd5 Bh2 47. Ke4 Bg3 48. Kf3 Bh2 49. Kg4 Bg3 50.
Be6 Be1 51. Bc8 Bg3 52. Be6 Be1 53. Bc8 Bg3 54. Be6 Be1 55. Bc8 1/2-1/2

[Event "*** Qualifier 3: Titled Tuesday 3|2 Blitz"]
[Site "Chess.com"]
[Date "2017.04.18"]
[Round "8"]
[White "Jamaladam12200620"]
[Black "Grootneus"]
[Result "1-0"]
[WhiteElo "1996"]
[BlackElo "2091"]
[TimeControl "180+2"]
[EndTime "14:46:23 PDT"]
[Termination "Jamaladam12200620 won by resignation"]

1. e4 d6 2. d4 g6 3. Nf3 Bg7 4.
Nc3 a6 5. Be3 b5 6. Be2 Bb7 7.
O-O Nf6 8. e5 dxe5 9. Nxe5 O-O 10.
Bf3 Nd5 11. Nxd5 Bxd5 12. b3 b4 13. a3 c5 14. dxc5 Bxe5 15. Qxd5 Qxd5 16. Bxd5 Ra7 17. axb4 Bxa1 18. Rxa1 Rd7 19. Bf3 Rc8 20. Kf1 f5 21.
Ke2 e5 22. g4 f4 23. Bd2 Nc6 24. Bc3 Nd4+ 25. Bxd4 Rxd4 26. c3 Rd7 27. Rxa6 Rcd8 28. c6 Rd2+ 29. Kf1 Rc2 30. c4 Rdd2 31. Bd5+ Kg7 32. c7 Rxf2+ 33. Kg1 Rfd2 34. Ra1 e4 35. Bxe4 f3 36. Bxc2 1-0

[Event "*** Qualifier 3: Titled Tuesday 3|2 Blitz"]
[Site "Chess.com"]
[Date "2017.04.18"]
[Round "8"]
[White "maciek_92"]
[Black "Grebeniuk-S"]
[Result "0-1"]
[WhiteElo "2529"]
[BlackElo "2428"]
[TimeControl "180+2"]
[EndTime "14:46:25 PDT"]
[Termination "Grebeniuk-S won by resignation"]

1. c4 f5 2. Nc3 Nf6 3. g3 g6 4.
Bg2 Bg7 5. d4 d6 6. Nf3 O-O 7.
O-O Qe8 8. Re1 Qf7 9. d5 Ne4 10.
Qc2 Nxc3 11. bxc3 Na6 12. Be3 h6 13. Bd4 e5 14. dxe6 Bxe6 15. Bxg7 Kxg7 16. e4 Nc5 17. Nd4 Bxc4 18. exf5 Bd3 19. Qb2 Bxf5 20. c4 Kh7 21. Nxf5 Qxf5 22. Re7+ Rf7 23. Rae1 Nd3 24. Bh3 Nxb2 25.
Bxf5 Rf8 26. Bc8 Kg7 27. Bxb7 Rxe7 28. Rxe7+ Rf7 29. Re4 Nd3 30. f4 Nc5 31. Bd5 Nxe4 32. Bxe4 Re7 33. Bf3 Re3 34. Kf2 Ra3 0-1

[Event "*** Qualifier 3: Titled Tuesday 3|2 Blitz"]
[Site "Chess.com"]
[Date "2017.04.18"]
[Round "8"]
[White "proxy6"]
[Black "Lupul_Cenusiu"]
[Result "1-0"]
[WhiteElo "2224"]
[BlackElo "2449"]
[TimeControl "180+2"]
[EndTime "14:46:27 PDT"]
[Termination "proxy6 won by resignation"]

1. e4 d6 2. d4 g6 3. Nc3 Bg7 4. Be3 a6 5. Qd2 b5 6. O-O-O Nd7 7. g4 Nb6 8. f3 Bb7 9. h4 h5 10. g5 e6 11. Nh3 Ne7 12. Bd3 Qd7 13.
f4 b4 14. Ne2 a5 15. Rhf1 d5 16. Ng3 dxe4 17. Bxe4 Bxe4 18. Nxe4 Qd5 19. Qd3 Qxa2 20.
Qb3 Qxb3 21. cxb3 a4 22. bxa4 Rxa4 23. Kc2 Ned5 24. Bf2 O-O 25. Nc5 Ra5 26. Ra1 Rfa8 27.
Nb3 Rxa1 28. Rxa1 Rxa1 29. Nxa1 Nc4 30. Nb3 Nd6 31. Kd3 Kf8 32. Nd2 Ke8 33. Nc4 Nxc4 34. Kxc4 Kd7 35. Be1 Bf8 36. Bd2 Bd6 37. Kd3 Kc6 38.
b3 Kb5 39. Ke4 c5 40. dxc5 Bxc5 41. Ke5 Bf2 42. Nxf2 Kc6 43. Ne4 Kd7 44. Nf6+ 1-0

[Event "*** Qualifier 3: Titled Tuesday 3|2 Blitz"]
[Site "Chess.com"]
[Date "2017.04.18"]
[Round "8"]
[White "aa175"]
[Black "chesstatour"]
[Result "0-1"]
[WhiteElo "1823"]
[BlackElo "1958"]
[TimeControl "180+2"]
[EndTime "14:46:33 PDT"]
[Termination "chesstatour won by checkmate"]

1. e4 c6 2. d4 d5 3. e5 c5 4. c3 Nc6 5. Nf3 Bg4 6. Be2 e6 7. h4 Qb6 8. Be3 f6 9. Na3 Bxf3 10.
Bxf3 Qxb2 11. Qc2 Qxa3 12. Bh5+ g6 13. Bxg6+ hxg6 14. Qxg6+ Kd7 15. exf6 Qxc3+ 16. Ke2 cxd4 17. Qf7+ Nge7 18. fxe7 Bxe7 19. Rhc1 Qb2+ 20. Bd2 d3+ 21. Kd1 Rxh4 22. Rxc6 Rh1+ 23. Be1 Qe2+ 24. Kc1 Rxe1# 0-1

[Event "*** Qualifier 3: Titled Tuesday 3|2 Blitz"]
[Site "Chess.com"]
[Date "2017.04.18"]
[Round "8"]
[White "MateusViageiro"]
[Black "the_drake"]
[Result "1/2-1/2"]
[WhiteElo "2298"]
[BlackElo "2196"]
[TimeControl "180+2"]
[EndTime "14:46:39 PDT"]
[Termination "Game drawn by repetition"]

1. d4 d5 2. Nf3 Nf6 3. e3 c6 4. c4 dxc4 5. Bxc4 b5 6. Bb3 e6 7.
O-O Nbd7 8. a4 Bb7 9. Qe2 a6 10. Rd1 Be7 11. e4 O-O 12. Nc3 Qb6 13. Be3 c5 14.
axb5 axb5 15. e5 Bxf3 16. gxf3 Rxa1 17. Rxa1 Nd5 18. Bxd5 exd5 19. Nxd5 Qg6+ 20. Kh1 Qe6 21. Nxe7+ Qxe7 22. Qxb5 cxd4 23. Bxd4 Qe6 24. Ra7 Nb8 25.
Ra8 Qf5 26. Qb7 Qb1+ 27. Kg2 Qg6+ 28. Kf1 Qd3+ 29. Kg2 Qg6+ 30. Kh3 Qf5+ 31. Kg2 Qg6+ 32.
Kf1 Qd3+ 33. Kg2 Qg6+ 1/2-1/2

[Event "*** Qualifier 3: Titled Tuesday 3|2 Blitz"]
[Site "Chess.com"]
[Date "2017.04.18"]
[Round "8"]
[White "johnathan113"]
[Black "tigra"]
[Result "0-1"]
[WhiteElo "2466"]
[BlackElo "2614"]
[TimeControl "180+2"]
[EndTime "14:46:40 PDT"]
[Termination "tigra won on time"]

1. e4 c5 2. Nf3 d6 3. d4 cxd4 4.
Nxd4 Nf6 5. Nc3 a6 6. Be2 g6 7. Be3 b5 8. Bf3 e5 9. Nde2 Ng4 10. Bxg4 Bxg4 11. a4 bxa4 12. Rxa4 Bd7 13. Rc4 Be6 14. Nd5 Bxd5 15. Qxd5 Nd7 16. O-O Be7 17. Bh6 Rb8 18. Nc3 Nb6 19. Qc6+ Qd7 20.
Nd5 Nxc4 21. Qxc4 Rc8 22. Qxa6 Rxc2 23. Bg7 Rg8 24. Bf6 Rc6 25. Qb5 Rc5 26. Qb8+ Rc8 27. Qb4 Bd8 28. h4 Kf8 29. Qd2 Rg7 30. Bxg7+ Kxg7 31. f4 Bxh4 32. f5 h6 33. fxg6 fxg6 34. Kh2 Bg5 35. Qf2 Rb8 36. b4 h5 37. Rc1 Bxc1 38. g4 Qf7 0-1